 Dungeon Sprint DCSS version 0.21.1-1-g345015f (webtiles) character file.

5166 Fang the Impaler (level 10, -17/107 HPs)
             Began as a Minotaur Berserker on Apr 26, 2018.
             Was the Champion of Trog.
             Blown up by an eye of devastation (31 damage)
             ... with a bolt of energy
             ... in the Dungeon (Sprint V: "Ziggurat Sprint") on Apr 27, 2018.
             The game lasted 00:05:25 (663 turns).

Fang the Impaler (Minotaur Berserker)                Turns: 663, Time: 00:05:25

Health: -17/107    AC: 19    Str: 31    XL:     10   Next: 34%
Magic:  9/9        EV: 12    Int: 10    God:    Trog [******]
Gold:   0          SH:  0    Dex: 10    Spells: 9/9 levels left

rFire    . . .     SeeInvis .   l - +5 demon trident
rCold    x . .     Gourm    .   (no shield)
rNeg     . . .     Faith    .   j - +5 shadow dragon scales
rPois    .         Spirit   .   (helmet restricted)
rElec    .         Reflect  .   (no cloak)
rCorr    .         Harm     .   (no gloves)
MR       .....     NoTele   +   (no boots)
Stlth    ++........             b - amulet of Uskayaw's Regard {RegenMP rC- Int+6}
HPRegen  0.27/turn              F - +6 ring of strength
MPRegen  0.36/turn              G - ring of flight

@: confused, berserk cooldown, starving, slowed, very slow
A: retaliatory headbutt, horns 2
a: Berserk, Trog's Hand, Brothers in Arms, Burn Spellbooks, Renounce Religion,
Evoke Flight


You were in the Dungeon.
You worshipped Trog.
Trog was exalted by your worship.
You were starving.

You visited 1 branch

Inventory:

Hand Weapons
 l - a +5 demon trident (weapon)
 B - a +0 war axe of chopping
Missiles
 E - 7 tomahawks of dispersal (quivered)
Armour
 j - +5 shadow dragon scales (worn)
Jewellery
 b - the amulet of Uskayaw's Regard (around neck) {RegenMP rC- Int+6}
   (You found it in the Dungeon)

   [amulet of magic regeneration]

   It increases your magic regeneration.
   It affects your intelligence (+6).
   It makes you vulnerable to cold.
 C - an uncursed ring of magical power
 F - a +6 ring of strength (left hand)
 G - a ring of flight (right hand)
 H - an uncursed ring of stealth
Wands
 x - a wand of disintegration (7)
 y - a wand of iceblast (7)
 z - a wand of acid (7)
Scrolls
 i - 4 scrolls of blinking
 m - 7 scrolls of fog
 n - a scroll of holy word
 o - 5 scrolls of identify
 p - 5 scrolls of remove curse
 q - 2 scrolls of fear
Potions
 d - 10 potions of curing
 e - 14 potions of heal wounds
 f - 6 potions of haste
 g - 7 potions of magic
 h - 3 potions of berserk rage
 r - 2 potions of brilliance
 s - 2 potions of invisibility
 t - 4 potions of resistance
 u - a potion of experience
 v - 5 potions of agility
 w - 5 potions of might
Miscellaneous
 k - a sack of spiders
 A - a lamp of fire
 D - a box of beasts
Comestibles
 c - 7 rations


   Skills:
 + Level 15.6 Fighting
 + Level 13.1(16.1) Axes
 + Level 15.8(17.5) Polearms
 + Level 10.8 Armour
 + Level 7.4 Dodging
 + Level 0.5 Stealth


You had 9 spell levels left.
You didn't know any spells.

Dungeon Overview and Level Annotations

Branches:
Dungeon (1/1)

Altars:
Ashenzari
Cheibriados
Dithmenos
Elyvilon
Fedhas
Gozag
Hepliaklqana
Kikubaaqudgha
Makhleb
Nemelex Xobeh
Okawaru
Qazlal
Ru
Sif Muna
Trog
Uskayaw
Vehumet
Wu Jian
Xom
Yredelemnul
Zin
The Shining One
Beogh
Jiyva
Lugonu

Annotations:
D 1 transporter


Innate Abilities, Weirdness & Mutations

You reflexively headbutt those who attack you in melee.
You have a pair of horns on your head.


Message History

Something appears at your feet! Trog grants you ammunition!
The jelly hits you but does no damage.
The golden eye blinks!
The jelly hits you but does no damage. The eye of devastation gazes at you.
The bolt of energy hits you! The golden eye blinks at you.
You are more confused.
The jelly barely misses you. The golden eye blinks at you.
Unknown command.
The golden eye blinks at you. You resist with some effort.
The jelly barely misses you.
The golden eye blinks!
The eye of devastation gazes at you. The bolt of energy hits you!
* * * LOW HITPOINT WARNING * * *
The eye of devastation gazes at you. The bolt of energy hits you!
You die...

▓...8©8...▓..8©8..▓
▓..}||[}..▓..[.[..▓
▓...::)...▓..})}..▓
▓......G..▓.......▓
▓.........▓....)..▓
▓....GG...▓..).)).▓
▓.....(...▓....)..▓
▓.▓.G§J.▓.▓.▓.).▓.▓
▓....@J...▓...©...▓
▓▓▓▓▓▓▓▓▓▓▓▓▓▓▓▓▓▓▓


You could see a shining eye, 2 eyes of devastation, 2 jellies and a golden eye.

Vanquished Creatures
  A deep elf elementalist (D)
  2 dancing weapons (D)
  2 deep elf magi (D)
  2 draconians (D)
  2 eyes of devastation (D)
  2 yaktaurs (D)
  A slime creature (D)
  An air elemental (D)
  A golden eye (D)
  A water moccasin (D)
  3 centaurs (D)
  A quasit (D)
  An orc priest (D)
  3 jellies (D)
  An iron imp (D)
  3 orc wizards (D)
  An adder (D)
  A shadow imp (D)
  An ufetubus (D)
  2 oozes (D)
  2 orcs (D)
  2 ball pythons (D)
  A ball python skeleton (D)
  A jackal skeleton (D)
  A leopard gecko zombie (D)
39 creatures vanquished.

Notes
Turn   | Place    | Note
-------+----------+-------------------------------------------
     0 | D        | Found the +6 Majin-Bo {vamp, Archmagi MP+6 Int+6}
     0 | D        | Found the +7 great mace "Firestarter" {inner flame, rF++}
     0 | D        | Fang the Minotaur Berserker began the quest for the Orb.
     0 | D        | Reached XP level 1. HP: 19/19 MP: 0/0
     3 | D        | Found a blossoming altar of Fedhas.
     4 | D        | Found a viscous altar of Jiyva.
     4 | D        | Found a hazy altar of Hepliaklqana.
     4 | D        | Found a transporter.
     4 | D        | Found an opulent altar of Gozag.
     4 | D        | Found an ancient bone altar of Kikubaaqudgha.
     4 | D        | Found a corrupted altar of Lugonu.
    10 | D        | Found a burning altar of Makhleb.
    11 | D        | Found a stormy altar of Qazlal.
    11 | D        | Found a sacrificial altar of Ru.
    11 | D        | Found an iron altar of Okawaru.
    11 | D        | Found a deep blue altar of Sif Muna.
    11 | D        | Found a sparkling altar of Nemelex Xobeh.
    11 | D        | Found a bloodstained altar of Trog.
    75 | D        | Entered arena 2.
    75 | D        | Noticed a draconian
    75 | D        | Noticed a draconian
    75 | D        | Found a transporter.
    80 | D        | Killed a draconian
    80 | D        | Reached skill level 10 in Fighting
    80 | D        | Reached skill level 10 in Axes
    80 | D        | Reached skill level 5 in Dodging
    80 | D        | Reached XP level 2. HP: 39/39 MP: 1/1
    80 | D        | Reached XP level 3. HP: 46/46 MP: 2/2
    80 | D        | Reached XP level 4. HP: 52/52 MP: 3/3
    80 | D        | Reached XP level 5. HP: 59/59 MP: 4/4
    80 | D        | Reached XP level 6. HP: 67/67 MP: 5/5
    86 | D        | Killed a draconian
    86 | D        | Reached XP level 7. HP: 77/77 MP: 6/6
    99 | D        | Got the amulet of Uskayaw's Regard {RegenMP rC- Int+6}
   100 | D        | Reached ** piety under Trog
   121 | D        | Entered arena 3.
   121 | D        | Found a transporter.
   127 | D        | Reached *** piety under Trog
   143 | D        | Entered arena 4.
   143 | D        | Found a transporter.
   150 | D        | Reached **** piety under Trog
   167 | D        | Entered arena 5.
   167 | D        | Found a transporter.
   176 | D        | Reached ***** piety under Trog
   195 | D        | Entered arena 6.
   195 | D        | Noticed a yaktaur
   195 | D        | Noticed a yaktaur
   195 | D        | Found a transporter.
   201 | D        | Killed a yaktaur
   201 | D        | Reached XP level 8. HP: 86/86 MP: 7/7
   202 | D        | Reached ****** piety under Trog
   204 | D        | Killed a yaktaur
   268 | D        | Entered arena 7.
   269 | D        | Found a transporter.
   279 | D        | Received a gift from Trog
   387 | D        | Entered arena 8.
   387 | D        | Noticed an air elemental
   387 | D        | Noticed a trident of protection
   387 | D        | Noticed a deep elf mage
   387 | D        | Noticed a deep elf mage
   387 | D        | Noticed a deep elf elementalist
   387 | D        | Noticed a battleaxe of electrocution
   389 | D        | Found a transporter.
   394 | D        | Killed an air elemental
   397 | D        | Killed a deep elf elementalist
   397 | D        | Received a gift from Trog
   397 | D        | Reached XP level 9. HP: 96/96 MP: 8/8
   401 | D        | Killed a deep elf mage
   403 | D        | Killed a battleaxe of electrocution
   403 | D        | Reached skill level 15 in Fighting
   403 | D        | Reached skill level 10 in Armour
   406 | D        | Killed a trident of protection
   409 | D        | Killed a deep elf mage
   409 | D        | Reached XP level 10. HP: 85/105 MP: 9/9
   582 | D        | Entered arena 9.
   582 | D        | Noticed an eye of devastation
   582 | D        | Noticed an eye of devastation
   584 | D        | Found a transporter.
   589 | D        | Killed an eye of devastation
   589 | D        | Reached skill level 15 in Polearms
   591 | D        | Received a gift from Trog
   596 | D        | Killed an eye of devastation
   605 | D        | Received a gift from Trog
   648 | D        | Entered arena 10.
   648 | D        | Noticed a shining eye
   648 | D        | Noticed an eye of devastation
   648 | D        | Noticed an eye of devastation
   650 | D        | Found a transporter.
   661 | D        | Received a gift from Trog
   663 | D        | Blown up by an eye of devastation

Skill      XL: |  1  2  3  4  5  6  7  8  9 10 |
---------------+-------------------------------+-----
Fighting       | 10 12 13 14 15 | 15.6
Axes           | 10 11 12 13 | 13.1
Armour         | 6 7 8 9 10 | 10.8
Dodging        | 5 6 7 |  7.4
Polearms       | 2 6 11 14 15 | 15.8
Stealth        | |  0.5

Action                   |  1- 3 |  4- 6 |  7- 9 | 10-12 || total
-------------------------+-------+-------+-------+-------++-------
Melee: Demon trident     |     4 |     6 |    60 |    20 ||    90
       Headbutt          |     2 |     1 |     6 |     8 ||    17
Invok: Berserk           |     1 |       |     2 |     2 ||     5
       Burn Spellbooks   |       |       |     2 |     1 ||     3
  Eat: Chunk             |       |       |       |     2 ||     2
Armor: Shadow dragon sca |     1 |     1 |    35 |     9 ||    46
Dodge: Dodged            |     1 |     1 |    35 |    11 ||    48
